[ PARTIDA AOE2 · #490181440 ]
UnrankedBengalíes vs Dravidians
[ ANÁLISIS DE REPETICIÓN · EXTRAÍDO DE LA PARTIDA GRABADA ]
Feudal
14:22
Castillos
30:18
Imperial
—
| APM promedio | 35.2 |
| APM pico | 104 |
| eAPM promedio | 19.4 |
| Aldeanos / militares | 101 / 36 |
Foco
⚔️ 54.0% · 🌾 46.0%
Scout Cavalry ×18 · Fishing Ship ×8 · Mangonel ×6 · Battle Elephant ×6 · Spearman ×2 · Transport Ship ×2
Feudal
13:32
Castillos
18:58
Imperial
40:29
| APM promedio | 34.4 |
| APM pico | 83 |
| eAPM promedio | 16.8 |
| Aldeanos / militares | 112 / 94 |
Foco
⚔️ 22.1% · 🌾 77.9%
Mameluke ×92 · Fishing Ship ×19 · Monk ×2
Feudal
12:35
Castillos
16:09
Imperial
37:08
| APM promedio | 42.3 |
| APM pico | 76 |
| eAPM promedio | 17.0 |
| Aldeanos / militares | 69 / 93 |
Foco
⚔️ 28.0% · 🌾 72.0%
Skirmisher ×30 · Elephant Archer ×26 · Spearman ×20 · Scorpion ×11 · Mangonel ×6 · Fishing Ship ×4
Feudal
13:24
Castillos
16:57
Imperial
44:31
| APM promedio | 36.8 |
| APM pico | 76 |
| eAPM promedio | 17.2 |
| Aldeanos / militares | 88 / 120 |
Foco
⚔️ 34.1% · 🌾 65.9%
Militia ×100 · Gbeto ×18 · Fishing Ship ×6 · Knight ×2 · Unknown (2626) ×1
Feudal
12:59
Castillos
17:14
Imperial
39:01
| APM promedio | 28.6 |
| APM pico | 60 |
| eAPM promedio | 16.0 |
| Aldeanos / militares | 112 / 119 |
Foco
⚔️ 35.7% · 🌾 64.3%
Cavalry Archer ×69 · Samurai ×37 · Fishing Ship ×13 · Trebuchet (Packed) ×7 · Unknown (2626) ×4 · Battering Ram ×3
Feudal
17:32
Castillos
24:57
Imperial
—
| APM promedio | 32.9 |
| APM pico | 87 |
| eAPM promedio | 14.2 |
| Aldeanos / militares | 82 / 63 |
Foco
⚔️ 24.8% · 🌾 75.2%
Knight ×45 · Battering Ram ×8 · Fishing Ship ×7 · Scorpion ×5 · Monk ×2 · Scout Cavalry ×2
Feudal
14:15
Castillos
17:48
Imperial
35:39
| APM promedio | 27.6 |
| APM pico | 60 |
| eAPM promedio | 15.0 |
| Aldeanos / militares | 123 / 53 |
Foco
⚔️ 26.8% · 🌾 73.2%
War Wagon ×39 · Fishing Ship ×9 · Battering Ram ×7 · Trebuchet (Packed) ×4 · Fire Galley ×2 · Iron Pagoda ×1
Feudal
14:09
Castillos
17:39
Imperial
43:08
| APM promedio | 48.7 |
| APM pico | 84 |
| eAPM promedio | 29.0 |
| Aldeanos / militares | 185 / 116 |
Foco
⚔️ 32.7% · 🌾 67.3%
Archer ×88 · War Wagon ×20 · Fishing Ship ×11 · Spearman ×5 · Bombard Cannon ×3
Mapa de la partida
Recursos iniciales + cada clic de construcción. Líneas = muros · curvas = relieve. ◆ oro · ⬟ piedra · ● bayas · ✦ reliquia · ◌ hueco del cierre
Tu base· Abierta — flanco sin cerrar
Base de pNaStY- oG.· Abierta — flanco sin cerrar
Base de AlohaInMyHeartForAOE2· Abierta — hueco de 7t
Base de Teejay Gatsby· Abierta — flanco sin cerrar
Base de Mrdood· Abierta — hueco de 15t
Base de BlossomForce· Abierta — flanco sin cerrar
Base de 大庆Song· Abierta — hueco de 12t
Base de randy pan· Abierta — hueco de 6t
Terreno inicial suavizado · ◌ = hueco del cierre detectado · pasá el cursor para detalles
Inputs por minuto
— Dadagama - - pNaStY- oG.
Build order — Dadagama
Primeras 150 de 190 acciones detectadas
| 0:23 | Construir | Town Center |
| 0:27 | Construir | Town Center |
| 1:25 | Construir | Dock |
| 1:26 | Construir | House |
| 2:45 | Crear | Villager (Male) ×4 |
| 4:13 | Crear | Fishing Ship |
| 4:23 | Construir | House |
| 4:51 | Construir | House |
| 5:04 | Crear | Fishing Ship |
| 5:13 | Construir | House |
| 5:53 | Crear | Villager (Male) |
| 5:53 | Crear | Villager (Male) |
| 6:16 | Crear | Villager (Male) |
| 6:16 | Crear | Villager (Male) |
| 6:19 | Crear | Fishing Ship |
| 6:42 | Crear | Villager (Male) |
| 6:43 | Crear | Villager (Male) |
| 6:43 | Crear | Villager (Male) |
| 6:48 | Construir | House |
| 7:02 | Crear | Villager (Male) |
| 7:11 | Construir | House |
| 7:40 | Crear | Villager (Male) |
| 7:42 | Crear | Fishing Ship |
| 7:49 | Construir | House |
| 7:51 | Crear | Villager (Male) |
| 9:17 | Crear | Villager (Male) |
| 9:17 | Crear | Villager (Male) |
| 9:21 | Crear | Villager (Male) |
| 9:21 | Crear | Villager (Male) |
| 9:45 | Investigar | Loom |
| 9:57 | Crear | Villager (Male) |
| 9:58 | Crear | Villager (Male) |
| 10:14 | Crear | Villager (Male) |
| 10:33 | Construir | House |
| 10:52 | Construir | Lumber Camp |
| 11:09 | Construir | Mill |
| 11:44 | Crear | Villager (Male) |
| 11:58 | Investigar | Feudal Age |
| 12:17 | Construir | Barracks |
| 13:34 | Construir | House |
| 13:35 | Crear | Villager (Male) |
| 13:37 | Crear | Villager (Male) |
| 13:57 | Crear | Villager (Male) |
| 14:22 | Edad | Edad Feudal |
| 14:23 | Construir | Stable |
| 14:26 | Investigar | Double-Bit Axe |
| 14:29 | Crear | Villager (Male) |
| 14:55 | Construir | House |
| 15:05 | Crear | Fishing Ship |
| 15:05 | Crear | Fishing Ship |
| 15:10 | Crear | Scout Cavalry ×5 |
| 15:49 | Construir | House |
| 16:00 | Crear | Villager (Male) |
| 16:01 | Crear | Villager (Male) |
| 16:20 | Construir | Gate |
| 16:27 | Construir | Stone Wall |
| 16:38 | Construir | Stone Wall |
| 17:01 | Construir | Gate |
| 17:08 | Crear | Villager (Male) |
| 17:08 | Crear | Villager (Male) |
| 17:13 | Construir | House |
| 17:15 | Construir | House |
| 17:19 | Crear | Fishing Ship |
| 17:20 | Crear | Fishing Ship |
| 17:33 | Crear | Scout Cavalry |
| 17:33 | Crear | Scout Cavalry |
| 17:38 | Crear | Villager (Male) |
| 17:54 | Crear | Scout Cavalry |
| 18:01 | Construir | Blacksmith |
| 18:10 | Construir | Watch Tower |
| 18:17 | Crear | Spearman |
| 18:17 | Crear | Spearman |
| 18:34 | Crear | Scout Cavalry |
| 19:07 | Crear | Scout Cavalry |
| 19:22 | Crear | Villager (Male) |
| 19:22 | Crear | Villager (Male) |
| 20:18 | Investigar | Castle Age |
| 20:35 | Crear | Transport Ship |
| 22:04 | Construir | Lumber Camp |
| 24:39 | Construir | Market |
| 25:52 | Construir | Town Center |
| 26:31 | Crear | Villager (Male) ×5 |
| 26:45 | Crear | Villager (Male) |
| 26:45 | Crear | Villager (Male) |
| 27:04 | Crear | Villager (Male) |
| 27:04 | Crear | Villager (Male) |
| 27:04 | Crear | Villager (Male) |
| 27:35 | Investigar | Castle Age |
| 27:42 | Crear | Villager (Male) |
| 27:42 | Crear | Villager (Male) |
| 27:42 | Crear | Villager (Male) |
| 27:56 | Crear | Villager (Male) |
| 28:39 | Investigar | Horse Collar |
| 28:49 | Construir | Mill |
| 30:18 | Edad | Edad de los Castillos |
| 30:19 | Construir | Town Center |
| 30:25 | Construir | Town Center |
| 30:40 | Investigar | Bow Saw |
| 30:51 | Construir | Mining Camp |
| 30:57 | Crear | Villager (Male) |
| 30:57 | Crear | Villager (Male) |
| 30:57 | Crear | Villager (Male) |
| 31:25 | Construir | Dock |
| 31:30 | Crear | Villager (Male) |
| 31:30 | Crear | Villager (Male) |
| 31:31 | Crear | Villager (Male) |
| 31:41 | Crear | Villager (Male) ×5 |
| 31:54 | Investigar | Stone Mining |
| 31:55 | Investigar | Gold Mining |
| 31:56 | Crear | Villager (Male) ×5 |
| 32:21 | Construir | House |
| 32:24 | Construir | House |
| 32:25 | Construir | House |
| 32:26 | Construir | House |
| 32:28 | Construir | House |
| 32:42 | Crear | Villager (Male) ×5 |
| 32:47 | Construir | House |
| 32:52 | Construir | Stone Wall |
| 32:56 | Construir | House |
| 33:10 | Construir | Stone Wall |
| 33:24 | Crear | Villager (Male) ×5 |
| 33:31 | Construir | House |
| 33:35 | Construir | Stone Wall |
| 33:38 | Construir | Stone Wall |
| 33:44 | Crear | Villager (Male) ×5 |
| 34:07 | Construir | Stable |
| 34:26 | Construir | Siege Workshop |
| 34:46 | Crear | Mangonel |
| 34:47 | Crear | Mangonel |
| 34:56 | Construir | Lumber Camp |
| 35:18 | Crear | Mangonel |
| 35:24 | Crear | Battle Elephant |
| 35:25 | Crear | Battle Elephant |
| 35:36 | Construir | Farm |
| 35:38 | Construir | Farm |
| 35:41 | Construir | Farm |
| 36:21 | Crear | Battle Elephant |
| 37:10 | Crear | Mangonel |
| 37:13 | Crear | Battle Elephant |
| 37:17 | Crear | Villager (Male) |
| 37:36 | Crear | Villager (Male) ×2 |
| 38:13 | Crear | Scout Cavalry |
| 38:13 | Crear | Scout Cavalry |
| 39:01 | Crear | Scout Cavalry |
| 39:01 | Crear | Scout Cavalry |
| 39:06 | Investigar | Scale Barding Armor |
| 39:11 | Crear | Villager (Male) ×2 |
| 39:51 | Crear | Scout Cavalry |
| 39:51 | Crear | Scout Cavalry |
| 40:29 | Crear | Mangonel |
Build order — pNaStY- oG.
Primeras 150 de 292 acciones detectadas
| 0:14 | Construir | Town Center |
| 1:16 | Construir | Dock |
| 1:23 | Construir | House |
| 2:38 | Investigar | Loom |
| 2:38 | Crear | Villager (Male) |
| 2:38 | Crear | Villager (Male) |
| 2:39 | Crear | Villager (Male) |
| 2:39 | Crear | Villager (Male) |
| 4:03 | Construir | House |
| 4:28 | Crear | Villager (Male) |
| 5:07 | Crear | Villager (Male) |
| 5:07 | Crear | Villager (Male) |
| 5:09 | Crear | Fishing Ship |
| 5:38 | Crear | Villager (Male) |
| 5:46 | Crear | Fishing Ship |
| 6:11 | Crear | Villager (Male) |
| 6:11 | Crear | Villager (Male) |
| 6:19 | Construir | House |
| 6:46 | Crear | Villager (Male) |
| 7:05 | Crear | Fishing Ship |
| 7:25 | Crear | Villager (Male) |
| 7:26 | Crear | Fishing Ship |
| 7:49 | Crear | Villager (Male) |
| 8:03 | Crear | Villager (Male) |
| 8:06 | Crear | Fishing Ship |
| 8:29 | Construir | House |
| 9:02 | Crear | Villager (Male) |
| 9:02 | Crear | Villager (Male) |
| 9:02 | Crear | Villager (Male) |
| 9:02 | Crear | Villager (Male) |
| 9:07 | Crear | Fishing Ship |
| 9:12 | Construir | House |
| 9:43 | Crear | Villager (Male) |
| 10:19 | Construir | House |
| 10:30 | Construir | Lumber Camp |
| 10:33 | Construir | Mining Camp |
| 11:16 | Construir | Dock |
| 11:22 | Investigar | Feudal Age |
| 11:57 | Crear | Fishing Ship |
| 11:57 | Crear | Fishing Ship |
| 12:23 | Construir | Mill |
| 12:30 | Crear | Villager (Male) |
| 12:30 | Crear | Villager (Male) |
| 12:31 | Crear | Villager (Male) |
| 12:55 | Construir | House |
| 13:32 | Edad | Edad Feudal |
| 13:39 | Construir | Blacksmith |
| 13:46 | Investigar | Double-Bit Axe |
| 14:24 | Crear | Villager (Male) |
| 14:50 | Construir | Market |
| 14:55 | Crear | Villager (Male) |
| 15:08 | Investigar | Tech 906 |
| 15:09 | Crear | Fishing Ship |
| 15:09 | Crear | Fishing Ship |
| 15:20 | Construir | House |
| 15:32 | Crear | Fishing Ship |
| 15:47 | Crear | Villager (Male) |
| 15:51 | Construir | Mining Camp |
| 16:18 | Investigar | Castle Age |
| 16:42 | Investigar | Stone Mining |
| 16:45 | Investigar | Horse Collar |
| 16:49 | Crear | Fishing Ship |
| 16:50 | Crear | Fishing Ship |
| 16:55 | Crear | Fishing Ship |
| 17:03 | Construir | House |
| 17:38 | Construir | Dock |
| 18:11 | Construir | Mining Camp |
| 18:52 | Construir | House |
| 18:58 | Edad | Edad de los Castillos |
| 19:05 | Construir | Castle |
| 19:42 | Construir | Town Center |
| 19:55 | Crear | Mameluke |
| 20:00 | Crear | Mameluke |
| 20:00 | Crear | Mameluke |
| 20:00 | Crear | Mameluke |
| 20:13 | Investigar | Gold Mining |
| 20:39 | Crear | Mameluke |
| 20:39 | Crear | Mameluke |
| 21:04 | Crear | Villager (Male) |
| 21:04 | Crear | Villager (Male) |
| 21:05 | Crear | Villager (Male) |
| 21:05 | Crear | Villager (Male) |
| 21:05 | Crear | Villager (Male) |
| 21:44 | Investigar | Bow Saw |
| 21:47 | Crear | Villager (Male) |
| 21:48 | Crear | Villager (Male) |
| 22:13 | Investigar | Scale Barding Armor |
| 22:14 | Investigar | Scale Barding Armor |
| 22:32 | Construir | Town Center |
| 22:38 | Investigar | Forging |
| 22:38 | Investigar | Forging |
| 22:45 | Crear | Villager (Male) |
| 22:45 | Crear | Villager (Male) |
| 22:51 | Construir | Dock |
| 23:00 | Crear | Mameluke |
| 23:00 | Crear | Mameluke |
| 23:01 | Crear | Mameluke |
| 23:17 | Construir | Farm |
| 23:17 | Construir | Farm |
| 23:18 | Construir | Farm |
| 23:23 | Investigar | Town Watch |
| 25:02 | Construir | Town Center |
| 25:05 | Crear | Villager (Male) |
| 25:05 | Crear | Villager (Male) |
| 25:05 | Crear | Villager (Male) |
| 25:05 | Crear | Villager (Male) |
| 25:05 | Crear | Villager (Male) |
| 25:09 | Crear | Mameluke |
| 25:09 | Crear | Mameluke |
| 25:09 | Crear | Mameluke |
| 25:09 | Crear | Mameluke |
| 25:23 | Investigar | Chain Barding Armor |
| 26:07 | Construir | Monastery |
| 26:32 | Crear | Mameluke |
| 26:32 | Crear | Mameluke |
| 26:37 | Crear | Villager (Male) |
| 26:37 | Crear | Villager (Male) |
| 26:37 | Crear | Villager (Male) |
| 26:37 | Crear | Villager (Male) |
| 26:40 | Crear | Villager (Male) |
| 26:40 | Crear | Villager (Male) |
| 26:40 | Crear | Villager (Male) |
| 26:40 | Crear | Villager (Male) |
| 26:43 | Crear | Fishing Ship |
| 26:44 | Crear | Fishing Ship |
| 26:44 | Crear | Fishing Ship |
| 26:44 | Crear | Fishing Ship |
| 26:44 | Crear | Fishing Ship |
| 26:53 | Construir | Dock |
| 27:00 | Crear | Monk |
| 27:37 | Construir | Barracks |
| 27:40 | Crear | Mameluke |
| 27:40 | Crear | Mameluke |
| 28:03 | Construir | Farm |
| 28:04 | Construir | Farm |
| 28:04 | Construir | Farm |
| 28:05 | Construir | Farm |
| 28:07 | Crear | Villager (Male) |
| 28:07 | Crear | Villager (Male) |
| 28:30 | Investigar | Iron Casting |
| 28:30 | Investigar | Iron Casting |
| 28:35 | Crear | Villager (Male) |
| 28:35 | Crear | Villager (Male) |
| 28:37 | Crear | Villager (Male) |
| 29:31 | Investigar | Wheelbarrow |
| 29:34 | Crear | Mameluke |
| 29:34 | Crear | Mameluke |
| 29:54 | Construir | Farm |
| 29:54 | Construir | Farm |
| 29:58 | Construir | Farm |
Build order — AlohaInMyHeartForAOE2
Primeras 150 de 277 acciones detectadas
| 0:12 | Construir | Town Center |
| 1:01 | Construir | Dock |
| 2:37 | Crear | Villager (Male) |
| 2:37 | Crear | Villager (Male) |
| 2:37 | Crear | Villager (Male) |
| 2:38 | Crear | Villager (Male) |
| 3:22 | Crear | Fishing Ship |
| 3:38 | Crear | Villager (Male) |
| 4:15 | Crear | Fishing Ship |
| 4:29 | Construir | House |
| 4:30 | Investigar | Loom |
| 5:06 | Crear | Fishing Ship |
| 5:18 | Crear | Villager (Male) |
| 5:38 | Crear | Fishing Ship |
| 6:12 | Crear | Villager (Male) |
| 6:12 | Crear | Villager (Male) |
| 6:29 | Crear | Villager (Male) |
| 6:36 | Construir | House |
| 6:52 | Crear | Villager (Male) |
| 7:12 | Crear | Villager (Male) |
| 7:29 | Crear | Villager (Male) |
| 8:02 | Construir | House |
| 8:12 | Crear | Villager (Male) |
| 8:21 | Construir | Mill |
| 8:34 | Crear | Villager (Male) |
| 9:03 | Crear | Villager (Male) |
| 9:31 | Crear | Villager (Male) |
| 9:59 | Crear | Villager (Male) |
| 10:25 | Investigar | Feudal Age |
| 10:26 | Investigar | Feudal Age |
| 11:00 | Construir | House |
| 12:07 | Crear | Villager (Male) |
| 12:08 | Crear | Villager (Male) |
| 12:35 | Edad | Edad Feudal |
| 12:38 | Construir | Market |
| 12:40 | Construir | Blacksmith |
| 13:10 | Construir | Lumber Camp |
| 13:29 | Investigar | Castle Age |
| 13:29 | Investigar | Castle Age |
| 13:38 | Construir | Mining Camp |
| 13:54 | Investigar | Double-Bit Axe |
| 13:54 | Investigar | Double-Bit Axe |
| 15:40 | Crear | Villager (Male) |
| 15:40 | Crear | Villager (Male) |
| 15:47 | Construir | House |
| 16:07 | Investigar | Gold Mining |
| 16:09 | Edad | Edad de los Castillos |
| 16:16 | Construir | Siege Workshop |
| 16:20 | Construir | Siege Workshop |
| 16:25 | Crear | Villager (Male) |
| 17:02 | Crear | Scorpion |
| 17:03 | Crear | Scorpion |
| 17:06 | Construir | House |
| 17:09 | Crear | Villager (Male) |
| 17:10 | Crear | Villager (Male) |
| 17:27 | Crear | Mangonel |
| 17:28 | Crear | Mangonel |
| 18:06 | Crear | Villager (Male) |
| 18:06 | Crear | Villager (Male) |
| 18:31 | Construir | Barracks |
| 18:34 | Crear | Scorpion |
| 18:48 | Crear | Villager (Male) |
| 18:48 | Crear | Villager (Male) |
| 18:48 | Crear | Villager (Male) |
| 19:16 | Construir | Archery Range |
| 19:17 | Crear | Scorpion |
| 19:18 | Crear | Scorpion |
| 19:21 | Construir | House |
| 19:24 | Crear | Villager (Male) |
| 19:24 | Crear | Villager (Male) |
| 19:57 | Crear | Mangonel |
| 20:09 | Crear | Skirmisher |
| 20:10 | Crear | Skirmisher |
| 20:12 | Construir | House |
| 20:16 | Investigar | Fletching |
| 20:31 | Construir | House |
| 20:35 | Construir | House |
| 20:39 | Crear | Villager (Male) |
| 20:50 | Crear | Skirmisher |
| 21:10 | Construir | Archery Range |
| 21:18 | Investigar | Elite Skirmisher (upgrade) |
| 21:18 | Investigar | Elite Skirmisher (upgrade) |
| 21:23 | Investigar | Bodkin Arrow |
| 21:30 | Crear | Spearman |
| 21:31 | Crear | Spearman |
| 22:01 | Crear | Spearman |
| 22:06 | Crear | Skirmisher |
| 22:54 | Construir | House |
| 22:57 | Construir | University |
| 22:58 | Crear | Villager (Male) |
| 23:01 | Construir | Farm |
| 23:02 | Construir | Farm |
| 23:03 | Construir | Farm |
| 23:06 | Construir | Farm |
| 23:35 | Investigar | Pikeman (upgrade) |
| 23:45 | Investigar | Ballistics |
| 23:45 | Investigar | Ballistics |
| 23:52 | Crear | Skirmisher |
| 23:52 | Crear | Skirmisher |
| 23:54 | Crear | Spearman |
| 23:55 | Crear | Spearman |
| 24:33 | Crear | Skirmisher |
| 24:33 | Crear | Skirmisher |
| 24:35 | Crear | Spearman |
| 24:35 | Crear | Spearman |
| 24:53 | Crear | Villager (Male) |
| 24:53 | Crear | Villager (Male) |
| 24:55 | Construir | Farm |
| 24:56 | Construir | Farm |
| 25:01 | Crear | Skirmisher |
| 25:01 | Crear | Skirmisher |
| 25:01 | Crear | Skirmisher |
| 25:12 | Crear | Mangonel |
| 25:12 | Crear | Mangonel |
| 25:21 | Crear | Spearman |
| 25:25 | Crear | Villager (Male) |
| 25:28 | Construir | Farm |
| 25:33 | Construir | Farm |
| 25:35 | Construir | Farm |
| 25:41 | Crear | Scorpion |
| 25:41 | Crear | Scorpion |
| 25:57 | Crear | Scorpion |
| 26:10 | Crear | Villager (Male) |
| 26:15 | Construir | Farm |
| 26:21 | Investigar | Wheelbarrow |
| 26:30 | Crear | Scorpion |
| 26:33 | Crear | Scorpion |
| 26:33 | Crear | Scorpion |
| 26:53 | Crear | Spearman |
| 26:55 | Crear | Skirmisher |
| 26:55 | Crear | Skirmisher |
| 26:58 | Crear | Villager (Male) |
| 27:01 | Construir | Farm |
| 27:05 | Construir | Farm |
| 27:14 | Crear | Skirmisher |
| 27:25 | Construir | House |
| 27:29 | Construir | House |
| 27:55 | Crear | Mangonel |
| 27:55 | Crear | Spearman |
| 28:06 | Crear | Villager (Male) |
| 28:06 | Crear | Villager (Male) |
| 28:18 | Crear | Skirmisher |
| 28:19 | Crear | Skirmisher |
| 28:20 | Crear | Spearman |
| 28:23 | Construir | House |
| 28:26 | Construir | House |
| 28:39 | Crear | Skirmisher |
| 28:39 | Crear | Skirmisher |
| 28:44 | Investigar | Padded Archer Armor |
| 28:59 | Crear | Skirmisher |
Build order — Teejay Gatsby
Primeras 150 de 271 acciones detectadas
| 0:11 | Construir | Town Center |
| 2:09 | Construir | Dock |
| 2:34 | Construir | House |
| 2:36 | Crear | Villager (Male) |
| 2:36 | Crear | Villager (Male) |
| 2:36 | Crear | Villager (Male) |
| 2:37 | Crear | Villager (Male) |
| 4:14 | Crear | Villager (Male) |
| 4:17 | Crear | Fishing Ship |
| 4:22 | Construir | House |
| 4:44 | Investigar | Loom |
| 5:00 | Crear | Villager (Male) |
| 5:32 | Crear | Villager (Male) |
| 5:37 | Crear | Fishing Ship |
| 5:52 | Crear | Villager (Male) |
| 6:00 | Crear | Villager (Male) |
| 6:23 | Construir | House |
| 6:31 | Crear | Villager (Male) |
| 6:59 | Crear | Fishing Ship |
| 7:05 | Construir | House |
| 7:11 | Crear | Villager (Male) |
| 7:36 | Crear | Villager (Male) |
| 7:53 | Crear | Fishing Ship |
| 8:03 | Crear | Villager (Male) |
| 8:16 | Crear | Fishing Ship |
| 8:22 | Crear | Villager (Male) |
| 8:45 | Crear | Fishing Ship |
| 8:56 | Construir | Mill |
| 9:00 | Crear | Villager (Male) |
| 9:10 | Crear | Villager (Male) |
| 9:35 | Construir | House |
| 9:47 | Crear | Villager (Male) |
| 10:06 | Construir | House |
| 10:22 | Construir | House |
| 10:31 | Crear | Villager (Male) |
| 10:38 | Construir | Mill |
| 11:14 | Investigar | Feudal Age |
| 13:11 | Crear | Villager (Male) |
| 13:12 | Crear | Villager (Male) |
| 13:24 | Edad | Edad Feudal |
| 13:26 | Construir | Market |
| 13:28 | Construir | Blacksmith |
| 13:55 | Construir | Lumber Camp |
| 14:17 | Investigar | Castle Age |
| 14:27 | Crear | Unit 2626 |
| 14:58 | Construir | Barracks |
| 15:00 | Investigar | Scale Mail Armor |
| 15:05 | Crear | Villager (Male) |
| 15:43 | Construir | Barracks |
| 15:45 | Investigar | Man-at-Arms (upgrade) |
| 16:30 | Construir | Mill |
| 16:33 | Crear | Militia |
| 16:33 | Crear | Militia |
| 16:35 | Construir | House |
| 16:45 | Investigar | Arson |
| 16:50 | Crear | Villager (Male) |
| 16:51 | Crear | Villager (Male) |
| 16:57 | Edad | Edad de los Castillos |
| 17:11 | Construir | House |
| 17:14 | Crear | Militia |
| 17:43 | Crear | Militia |
| 18:08 | Crear | Militia |
| 18:09 | Crear | Militia |
| 18:11 | Crear | Villager (Male) |
| 18:24 | Crear | Militia |
| 18:32 | Crear | Villager (Male) |
| 18:48 | Construir | Town Center |
| 18:51 | Crear | Villager (Male) |
| 18:51 | Crear | Villager (Male) |
| 18:54 | Crear | Militia |
| 19:07 | Crear | Villager (Male) |
| 19:07 | Crear | Villager (Male) |
| 19:24 | Construir | Stable |
| 19:28 | Crear | Militia |
| 19:28 | Crear | Militia |
| 19:41 | Crear | Villager (Male) |
| 20:03 | Investigar | Chain Mail Armor |
| 20:16 | Construir | House |
| 20:37 | Crear | Militia |
| 20:38 | Crear | Militia |
| 20:40 | Crear | Villager (Male) |
| 21:14 | Crear | Knight |
| 21:19 | Investigar | Horse Collar |
| 21:20 | Crear | Villager (Male) |
| 21:59 | Investigar | Long Swordsman (upgrade) |
| 23:09 | Crear | Villager (Male) ×5 |
| 23:13 | Crear | Villager (Male) |
| 24:13 | Crear | Knight |
| 24:18 | Construir | Town Center |
| 24:35 | Construir | House |
| 24:38 | Construir | House |
| 24:39 | Construir | House |
| 25:23 | Construir | Farm |
| 25:23 | Construir | Farm |
| 25:24 | Construir | Farm |
| 25:24 | Construir | Farm |
| 25:33 | Crear | Villager (Male) |
| 25:33 | Crear | Villager (Male) |
| 26:57 | Crear | Villager (Male) |
| 26:58 | Crear | Villager (Male) |
| 27:02 | Construir | Farm |
| 27:02 | Construir | Farm |
| 27:06 | Construir | Lumber Camp |
| 27:27 | Crear | Villager (Male) |
| 28:15 | Construir | Castle |
| 28:31 | Construir | Market |
| 28:49 | Investigar | Double-Bit Axe |
| 29:11 | Crear | Gbeto |
| 29:24 | Crear | Gbeto |
| 29:24 | Crear | Gbeto |
| 29:33 | Construir | Farm |
| 29:34 | Construir | Farm |
| 29:34 | Construir | Farm |
| 29:48 | Crear | Villager (Male) |
| 29:49 | Crear | Villager (Male) |
| 29:49 | Crear | Villager (Male) |
| 29:49 | Crear | Villager (Male) |
| 29:54 | Crear | Gbeto |
| 30:17 | Construir | Blacksmith |
| 30:19 | Construir | House |
| 30:23 | Crear | Gbeto |
| 30:40 | Construir | Farm |
| 30:41 | Construir | Farm |
| 30:46 | Construir | Farm |
| 30:47 | Crear | Gbeto |
| 31:01 | Crear | Gbeto |
| 31:02 | Crear | Villager (Male) |
| 31:02 | Crear | Villager (Male) |
| 31:02 | Crear | Villager (Male) |
| 31:02 | Crear | Villager (Male) |
| 31:20 | Construir | House |
| 31:21 | Construir | House |
| 31:22 | Crear | Villager (Male) |
| 31:26 | Crear | Gbeto |
| 31:45 | Construir | Barracks |
| 31:46 | Crear | Villager (Male) |
| 31:46 | Crear | Villager (Male) |
| 32:05 | Crear | Gbeto |
| 32:15 | Construir | Mill |
| 32:15 | Construir | Farm |
| 32:16 | Construir | Farm |
| 32:17 | Construir | Farm |
| 32:33 | Construir | Castle |
| 32:35 | Crear | Villager (Male) |
| 32:35 | Crear | Villager (Male) |
| 32:44 | Crear | Gbeto |
| 32:55 | Crear | Militia |
| 32:59 | Construir | House |
| 33:12 | Crear | Villager (Male) |
| 33:17 | Construir | Farm |
Build order — Mrdood
Primeras 150 de 386 acciones detectadas
| 0:11 | Construir | Town Center |
| 0:33 | Construir | House |
| 1:20 | Construir | Dock |
| 2:27 | Crear | Villager (Male) |
| 2:28 | Crear | Villager (Male) |
| 2:28 | Crear | Villager (Male) |
| 2:28 | Crear | Villager (Male) |
| 3:27 | Crear | Fishing Ship |
| 4:12 | Crear | Villager (Male) |
| 4:13 | Investigar | Loom |
| 4:15 | Crear | Fishing Ship |
| 5:09 | Construir | House |
| 5:14 | Crear | Villager (Male) |
| 5:28 | Crear | Fishing Ship |
| 5:35 | Crear | Villager (Male) |
| 5:53 | Crear | Villager (Male) |
| 6:25 | Crear | Villager (Male) |
| 6:33 | Crear | Fishing Ship |
| 6:33 | Crear | Fishing Ship |
| 6:48 | Crear | Villager (Male) |
| 6:49 | Crear | Villager (Male) |
| 7:03 | Crear | Fishing Ship |
| 7:05 | Crear | Villager (Male) |
| 7:22 | Construir | House |
| 7:47 | Crear | Villager (Male) |
| 8:02 | Crear | Fishing Ship |
| 8:21 | Crear | Villager (Male) |
| 8:25 | Crear | Fishing Ship |
| 8:42 | Crear | Villager (Male) |
| 8:46 | Construir | House |
| 8:53 | Crear | Villager (Male) |
| 9:17 | Crear | Villager (Male) |
| 9:17 | Crear | Villager (Male) |
| 9:19 | Crear | Fishing Ship |
| 9:52 | Crear | Fishing Ship |
| 9:57 | Construir | House |
| 10:04 | Construir | Mill |
| 10:48 | Construir | Dock |
| 10:49 | Investigar | Feudal Age |
| 11:14 | Construir | Mining Camp |
| 11:32 | Construir | Palisade Wall |
| 11:36 | Construir | Palisade Wall |
| 11:38 | Construir | Palisade Wall |
| 11:38 | Construir | Palisade Wall |
| 11:39 | Construir | Palisade Wall |
| 11:41 | Construir | Palisade Wall |
| 11:41 | Construir | Palisade Wall |
| 11:57 | Crear | Villager (Male) |
| 11:58 | Crear | Villager (Male) |
| 12:00 | Construir | Lumber Camp |
| 12:59 | Edad | Edad Feudal |
| 13:08 | Investigar | Double-Bit Axe |
| 13:15 | Crear | Villager (Male) |
| 13:23 | Construir | Market |
| 13:41 | Construir | Blacksmith |
| 14:34 | Investigar | Castle Age |
| 14:41 | Crear | Villager (Male) |
| 14:48 | Construir | Mining Camp |
| 15:07 | Crear | Unit 2626 |
| 15:24 | Investigar | Gold Mining |
| 16:03 | Crear | Unit 2626 |
| 16:03 | Crear | Unit 2626 |
| 16:13 | Investigar | Stone Mining |
| 16:20 | Crear | Villager (Male) |
| 16:24 | Crear | Unit 2626 |
| 16:49 | Construir | House |
| 16:50 | Construir | House |
| 16:51 | Construir | House |
| 17:02 | Investigar | Tech 906 |
| 17:14 | Edad | Edad de los Castillos |
| 17:15 | Investigar | War Galley (upgrade) |
| 17:15 | Investigar | War Galley (upgrade) |
| 17:28 | Crear | Villager (Male) |
| 17:52 | Crear | Villager (Male) |
| 18:01 | Construir | Barracks |
| 18:06 | Crear | Villager (Male) |
| 18:15 | Investigar | Bow Saw |
| 18:58 | Crear | Villager (Male) |
| 19:05 | Investigar | Gold Shaft Mining |
| 19:38 | Construir | Castle |
| 19:47 | Crear | Villager (Male) |
| 19:55 | Crear | Villager (Male) |
| 19:59 | Investigar | Scale Mail Armor |
| 20:00 | Investigar | Forging |
| 20:08 | Construir | Siege Workshop |
| 20:16 | Crear | Villager (Male) |
| 20:20 | Construir | Town Center |
| 20:25 | Crear | Villager (Male) |
| 20:38 | Crear | Fire Galley |
| 20:38 | Crear | Fire Galley |
| 20:42 | Crear | Villager (Male) |
| 21:40 | Construir | Dock |
| 21:42 | Crear | Villager (Male) |
| 21:45 | Crear | Battering Ram |
| 21:54 | Investigar | Chain Mail Armor |
| 22:09 | Construir | Monastery |
| 22:18 | Construir | Farm |
| 22:18 | Construir | Farm |
| 22:23 | Crear | Samurai |
| 22:24 | Crear | Samurai |
| 22:34 | Crear | Samurai |
| 22:57 | Crear | Samurai |
| 23:07 | Crear | Samurai |
| 23:14 | Crear | Villager (Male) |
| 23:34 | Crear | Villager (Male) |
| 23:34 | Crear | Villager (Male) |
| 23:41 | Construir | Farm |
| 23:44 | Construir | Farm |
| 23:46 | Crear | Villager (Male) |
| 24:00 | Crear | Monk |
| 24:19 | Crear | Fishing Ship |
| 24:19 | Crear | Fishing Ship |
| 24:19 | Crear | Fishing Ship |
| 24:24 | Crear | Villager (Male) |
| 24:25 | Crear | Villager (Male) |
| 24:40 | Crear | Villager (Male) |
| 24:48 | Construir | Farm |
| 24:48 | Construir | Farm |
| 24:48 | Construir | Farm |
| 24:49 | Construir | Farm |
| 24:56 | Crear | Villager (Male) |
| 25:13 | Crear | Villager (Male) |
| 25:28 | Crear | Villager (Male) |
| 25:36 | Construir | Farm |
| 25:36 | Construir | Farm |
| 25:37 | Construir | Farm |
| 25:37 | Construir | Farm |
| 25:41 | Crear | Villager (Male) |
| 25:42 | Crear | Villager (Male) |
| 25:49 | Crear | Battering Ram |
| 26:06 | Crear | Villager (Male) |
| 26:07 | Crear | Villager (Male) |
| 26:09 | Crear | Villager (Male) |
| 26:29 | Crear | Villager (Male) |
| 26:33 | Investigar | Squires |
| 26:40 | Crear | Samurai |
| 26:40 | Crear | Samurai |
| 26:45 | Construir | Farm |
| 26:45 | Construir | Farm |
| 26:45 | Construir | Farm |
| 26:46 | Construir | Farm |
| 26:49 | Investigar | Horse Collar |
| 27:07 | Crear | Samurai |
| 27:07 | Crear | Samurai |
| 27:11 | Crear | Battering Ram |
| 27:13 | Crear | Villager (Male) |
| 27:13 | Crear | Villager (Male) |
| 27:19 | Construir | Farm |
| 27:19 | Construir | Farm |
| 27:19 | Construir | Farm |
Build order — BlossomForce
Primeras 150 de 204 acciones detectadas
| 1:11 | Construir | Town Center |
| 1:33 | Construir | Dock |
| 3:16 | Construir | House |
| 3:20 | Construir | House |
| 3:32 | Construir | House |
| 3:37 | Crear | Villager (Male) |
| 3:37 | Crear | Villager (Male) |
| 3:37 | Crear | Villager (Male) |
| 4:13 | Crear | Villager (Male) |
| 4:38 | Crear | Villager (Male) |
| 5:31 | Crear | Villager (Male) |
| 6:01 | Crear | Villager (Male) |
| 6:38 | Crear | Villager (Male) |
| 6:39 | Crear | Villager (Male) |
| 7:00 | Crear | Villager (Male) |
| 7:30 | Crear | Villager (Male) |
| 7:49 | Crear | Villager (Male) |
| 8:23 | Crear | Fishing Ship |
| 8:34 | Crear | Villager (Male) |
| 8:58 | Crear | Villager (Male) |
| 9:07 | Crear | Fishing Ship |
| 9:11 | Crear | Villager (Male) |
| 9:15 | Construir | House |
| 9:37 | Crear | Villager (Male) |
| 9:40 | Construir | House |
| 9:48 | Crear | Villager (Male) |
| 10:15 | Crear | Villager (Male) |
| 10:22 | Construir | House |
| 10:34 | Crear | Fishing Ship |
| 10:35 | Crear | Fishing Ship |
| 10:51 | Crear | Villager (Male) |
| 11:30 | Construir | Lumber Camp |
| 11:50 | Crear | Villager (Male) |
| 11:51 | Crear | Villager (Male) |
| 12:36 | Crear | Villager (Male) |
| 12:41 | Investigar | Loom |
| 13:03 | Crear | Villager (Male) |
| 13:20 | Crear | Villager (Male) |
| 13:41 | Crear | Fishing Ship |
| 13:49 | Construir | House |
| 13:52 | Construir | House |
| 14:15 | Construir | Mill |
| 14:31 | Construir | House |
| 15:18 | Crear | Villager (Male) |
| 15:22 | Investigar | Feudal Age |
| 15:24 | Crear | Fishing Ship |
| 15:24 | Crear | Fishing Ship |
| 15:56 | Construir | Barracks |
| 17:14 | Construir | Palisade Gate |
| 17:32 | Edad | Edad Feudal |
| 17:35 | Construir | Stable |
| 17:47 | Construir | Blacksmith |
| 17:57 | Construir | House |
| 17:59 | Crear | Villager (Male) |
| 18:01 | Crear | Villager (Male) |
| 18:18 | Construir | Mining Camp |
| 19:07 | Crear | Villager (Male) |
| 19:08 | Crear | Villager (Male) |
| 19:56 | Crear | Villager (Male) |
| 19:59 | Crear | Scout Cavalry |
| 19:59 | Crear | Scout Cavalry |
| 20:02 | Investigar | Horse Collar |
| 20:06 | Investigar | Double-Bit Axe |
| 20:24 | Investigar | Bloodlines |
| 20:54 | Construir | Market |
| 21:02 | Crear | Villager (Male) |
| 21:03 | Crear | Villager (Male) |
| 21:35 | Crear | Villager (Male) |
| 22:04 | Investigar | Castle Age |
| 22:04 | Investigar | Castle Age |
| 22:11 | Investigar | Scale Barding Armor |
| 23:30 | Construir | Stable |
| 23:39 | Investigar | Fletching |
| 23:43 | Investigar | Gold Mining |
| 24:27 | Crear | Villager (Male) |
| 24:57 | Edad | Edad de los Castillos |
| 25:01 | Investigar | Town Watch |
| 25:03 | Investigar | Wheelbarrow |
| 25:06 | Crear | Villager (Male) |
| 25:18 | Construir | Town Center |
| 25:31 | Crear | Knight |
| 25:31 | Crear | Knight |
| 25:32 | Crear | Knight |
| 25:32 | Crear | Knight |
| 25:34 | Investigar | Husbandry |
| 25:34 | Crear | Knight |
| 25:35 | Crear | Knight |
| 26:06 | Construir | Mining Camp |
| 26:10 | Construir | Farm |
| 26:15 | Construir | Farm |
| 26:59 | Crear | Villager (Male) |
| 26:59 | Crear | Villager (Male) |
| 27:18 | Construir | Town Center |
| 27:38 | Investigar | Chain Barding Armor |
| 27:39 | Investigar | Bodkin Arrow |
| 27:43 | Crear | Knight |
| 27:43 | Crear | Knight |
| 27:44 | Crear | Knight |
| 27:44 | Crear | Knight |
| 28:03 | Construir | Stable |
| 28:08 | Crear | Villager (Male) |
| 28:09 | Crear | Villager (Male) |
| 28:12 | Crear | Knight |
| 28:43 | Crear | Villager (Male) |
| 28:43 | Crear | Villager (Male) |
| 28:52 | Construir | Mining Camp |
| 28:55 | Crear | Villager (Male) |
| 28:59 | Crear | Knight |
| 28:59 | Crear | Knight |
| 29:00 | Crear | Knight |
| 29:00 | Crear | Knight |
| 29:00 | Crear | Knight |
| 29:09 | Crear | Villager (Male) |
| 29:24 | Crear | Villager (Male) |
| 29:32 | Construir | Siege Workshop |
| 29:39 | Construir | House |
| 29:43 | Construir | House |
| 29:45 | Construir | House |
| 29:55 | Crear | Knight |
| 29:55 | Crear | Knight |
| 29:56 | Crear | Knight |
| 29:56 | Crear | Knight |
| 30:19 | Crear | Villager (Male) |
| 30:19 | Crear | Villager (Male) |
| 30:25 | Crear | Villager (Male) |
| 30:47 | Construir | Farm |
| 30:47 | Construir | Farm |
| 30:47 | Construir | Farm |
| 30:48 | Construir | Farm |
| 30:48 | Construir | Farm |
| 30:48 | Construir | Farm |
| 30:51 | Crear | Villager (Male) |
| 30:51 | Crear | Villager (Male) |
| 30:58 | Crear | Villager (Male) |
| 31:07 | Crear | Villager (Male) |
| 31:07 | Crear | Villager (Male) |
| 31:11 | Crear | Battering Ram |
| 31:12 | Crear | Battering Ram |
| 31:12 | Crear | Battering Ram |
| 31:18 | Construir | Stable |
| 31:32 | Construir | Siege Workshop |
| 31:39 | Crear | Villager (Male) |
| 31:39 | Crear | Villager (Male) |
| 31:40 | Crear | Villager (Male) |
| 32:12 | Construir | House |
| 32:31 | Crear | Battering Ram |
| 32:32 | Crear | Battering Ram |
| 32:32 | Crear | Battering Ram |
| 32:59 | Crear | Villager (Male) |
| 32:59 | Crear | Villager (Male) |
Build order — 大庆Song
Primeras 150 de 281 acciones detectadas
| 0:11 | Construir | Town Center |
| 0:29 | Construir | Dock |
| 0:31 | Construir | House |
| 2:32 | Crear | Villager (Male) |
| 2:35 | Crear | Villager (Male) |
| 2:39 | Crear | Villager (Male) |
| 2:43 | Crear | Villager (Male) |
| 2:43 | Crear | Villager (Male) |
| 2:47 | Construir | House |
| 3:47 | Crear | Villager (Male) |
| 4:44 | Crear | Villager (Male) |
| 4:44 | Crear | Villager (Male) |
| 4:44 | Crear | Villager (Male) |
| 4:57 | Construir | House |
| 5:19 | Crear | Villager (Male) |
| 5:46 | Crear | Villager (Male) |
| 6:08 | Crear | Villager (Male) |
| 6:11 | Construir | House |
| 6:39 | Construir | House |
| 6:44 | Crear | Villager (Male) |
| 7:01 | Crear | Villager (Male) |
| 7:29 | Crear | Fishing Ship |
| 7:34 | Construir | House |
| 7:50 | Crear | Villager (Male) |
| 7:52 | Crear | Villager (Male) |
| 7:57 | Crear | Villager (Male) |
| 8:01 | Crear | Villager (Male) |
| 8:05 | Crear | Villager (Male) |
| 8:16 | Crear | Fishing Ship |
| 8:46 | Crear | Fishing Ship |
| 8:55 | Construir | House |
| 9:19 | Construir | Mill |
| 9:32 | Crear | Fishing Ship |
| 9:39 | Construir | Lumber Camp |
| 9:53 | Crear | Villager (Male) |
| 10:15 | Investigar | Loom |
| 10:24 | Construir | Dock |
| 10:29 | Construir | House |
| 10:43 | Crear | Villager (Male) |
| 11:09 | Crear | Villager (Male) |
| 11:11 | Crear | Fishing Ship |
| 11:12 | Crear | Fishing Ship |
| 11:31 | Construir | Mining Camp |
| 11:35 | Crear | Villager (Male) |
| 12:05 | Investigar | Feudal Age |
| 12:05 | Investigar | Feudal Age |
| 12:57 | Crear | Fishing Ship |
| 12:57 | Crear | Fishing Ship |
| 13:17 | Construir | House |
| 13:44 | Crear | Fishing Ship |
| 14:00 | Crear | Villager (Male) |
| 14:15 | Edad | Edad Feudal |
| 14:18 | Construir | Market |
| 14:25 | Construir | Blacksmith |
| 14:41 | Crear | Villager (Male) |
| 14:59 | Construir | Mining Camp |
| 15:08 | Investigar | Castle Age |
| 15:26 | Construir | House |
| 15:58 | Construir | House |
| 16:05 | Crear | Fire Galley |
| 16:06 | Crear | Fire Galley |
| 16:23 | Investigar | Double-Bit Axe |
| 16:23 | Investigar | Double-Bit Axe |
| 16:51 | Investigar | Gold Mining |
| 16:54 | Investigar | Stone Mining |
| 17:00 | Investigar | Fletching |
| 17:12 | Investigar | Horse Collar |
| 17:47 | Crear | Villager (Male) |
| 17:48 | Edad | Edad de los Castillos |
| 18:07 | Construir | Castle |
| 18:12 | Crear | Villager (Male) |
| 18:28 | Crear | Villager (Male) |
| 18:35 | Construir | Town Center |
| 18:36 | Crear | Villager (Male) |
| 18:48 | Crear | Villager (Male) |
| 18:52 | Crear | Villager (Male) |
| 19:06 | Crear | Villager (Male) |
| 19:08 | Crear | Villager (Male) |
| 19:18 | Crear | Villager (Male) |
| 19:30 | Crear | Villager (Male) |
| 19:32 | Crear | War Wagon |
| 19:41 | Crear | Villager (Male) |
| 19:47 | Crear | Villager (Male) |
| 19:54 | Crear | Villager (Male) |
| 19:59 | Crear | War Wagon |
| 20:01 | Crear | Villager (Male) |
| 20:12 | Crear | Villager (Male) |
| 20:18 | Construir | House |
| 20:18 | Construir | House |
| 20:21 | Crear | Villager (Male) |
| 20:23 | Investigar | Gold Mining |
| 20:33 | Crear | Villager (Male) |
| 20:34 | Crear | War Wagon |
| 20:45 | Crear | Villager (Male) |
| 20:54 | Investigar | Gold Shaft Mining |
| 20:55 | Crear | Villager (Male) |
| 21:10 | Crear | Villager (Male) |
| 21:15 | Crear | War Wagon |
| 21:32 | Crear | Villager (Male) |
| 21:37 | Construir | Farm |
| 21:38 | Construir | Farm |
| 21:41 | Crear | War Wagon |
| 21:44 | Crear | Villager (Male) |
| 22:01 | Construir | Lumber Camp |
| 22:03 | Crear | War Wagon |
| 22:08 | Crear | Villager (Male) |
| 22:14 | Construir | Farm |
| 22:17 | Construir | Farm |
| 22:18 | Construir | Farm |
| 22:31 | Crear | Villager (Male) |
| 22:34 | Crear | War Wagon |
| 22:37 | Crear | Villager (Male) |
| 22:44 | Construir | Farm |
| 22:45 | Construir | Farm |
| 22:46 | Construir | Farm |
| 22:56 | Crear | War Wagon |
| 22:56 | Crear | War Wagon |
| 22:59 | Crear | Villager (Male) |
| 23:08 | Crear | War Wagon |
| 23:14 | Crear | Villager (Male) |
| 23:19 | Construir | House |
| 23:33 | Construir | Dock |
| 23:39 | Crear | Villager (Male) |
| 23:42 | Crear | War Wagon |
| 23:42 | Crear | War Wagon |
| 23:42 | Crear | War Wagon |
| 23:45 | Crear | Villager (Male) |
| 23:58 | Crear | War Wagon |
| 24:00 | Crear | Villager (Male) |
| 24:08 | Investigar | Wheelbarrow |
| 24:09 | Investigar | Wheelbarrow |
| 24:13 | Investigar | Bodkin Arrow |
| 24:13 | Investigar | Bodkin Arrow |
| 24:18 | Crear | Villager (Male) |
| 24:52 | Crear | War Wagon |
| 24:54 | Crear | Villager (Male) |
| 24:56 | Crear | Villager (Male) |
| 25:06 | Crear | Villager (Male) |
| 25:13 | Crear | Villager (Male) |
| 25:17 | Crear | War Wagon |
| 25:28 | Construir | Siege Workshop |
| 25:29 | Crear | War Wagon |
| 25:31 | Crear | Villager (Male) |
| 25:34 | Construir | Lumber Camp |
| 25:40 | Investigar | Wheelbarrow |
| 25:40 | Investigar | Wheelbarrow |
| 25:42 | Crear | War Wagon |
| 25:47 | Crear | War Wagon |
| 25:55 | Construir | Castle |
| 25:58 | Crear | Villager (Male) |
Build order — randy pan
Primeras 150 de 501 acciones detectadas
| 0:09 | Construir | Town Center |
| 0:16 | Construir | Dock |
| 1:11 | Construir | Palisade Wall |
| 1:14 | Construir | Palisade Wall |
| 2:28 | Crear | Villager (Male) |
| 2:28 | Crear | Villager (Male) |
| 2:28 | Crear | Villager (Male) |
| 2:29 | Crear | Villager (Male) |
| 3:10 | Crear | Villager (Male) |
| 3:36 | Crear | Fishing Ship |
| 4:19 | Construir | House |
| 4:28 | Investigar | Loom |
| 4:45 | Crear | Villager (Male) |
| 5:10 | Crear | Villager (Male) |
| 5:11 | Crear | Villager (Male) |
| 5:37 | Crear | Villager (Male) |
| 5:44 | Crear | Fishing Ship |
| 6:07 | Crear | Fishing Ship |
| 6:13 | Crear | Villager (Male) |
| 6:13 | Crear | Villager (Male) |
| 6:17 | Crear | Villager (Male) |
| 6:22 | Construir | House |
| 6:26 | Construir | Palisade Wall |
| 6:32 | Construir | Palisade Wall |
| 6:34 | Construir | Palisade Wall |
| 6:35 | Construir | Palisade Wall |
| 7:00 | Crear | Villager (Male) |
| 7:01 | Crear | Villager (Male) |
| 7:01 | Crear | Villager (Male) |
| 7:32 | Crear | Villager (Male) |
| 7:33 | Crear | Villager (Male) |
| 7:33 | Crear | Villager (Male) |
| 7:35 | Crear | Fishing Ship |
| 7:40 | Construir | House |
| 7:47 | Crear | Villager (Male) |
| 7:47 | Crear | Villager (Male) |
| 8:05 | Construir | Palisade Wall |
| 8:10 | Construir | Palisade Wall |
| 8:11 | Construir | Palisade Wall |
| 8:12 | Construir | Palisade Wall |
| 8:22 | Crear | Fishing Ship |
| 8:30 | Crear | Villager (Male) |
| 8:37 | Construir | House |
| 9:02 | Crear | Villager (Male) |
| 9:13 | Crear | Fishing Ship |
| 9:37 | Crear | Fishing Ship |
| 9:37 | Crear | Villager (Male) |
| 9:43 | Crear | Villager (Male) |
| 10:04 | Crear | Fishing Ship |
| 10:10 | Crear | Villager (Male) |
| 10:37 | Crear | Fishing Ship |
| 10:40 | Construir | House |
| 11:02 | Construir | Mining Camp |
| 11:04 | Construir | House |
| 11:33 | Crear | Villager (Male) |
| 11:38 | Construir | Mining Camp |
| 11:49 | Investigar | Feudal Age |
| 11:49 | Investigar | Feudal Age |
| 12:21 | Construir | House |
| 12:32 | Construir | Barracks |
| 12:36 | Construir | House |
| 13:18 | Crear | Villager (Male) |
| 14:09 | Edad | Edad Feudal |
| 14:12 | Construir | Blacksmith |
| 14:17 | Construir | Archery Range |
| 14:17 | Crear | Villager (Male) |
| 14:58 | Investigar | Castle Age |
| 14:58 | Investigar | Castle Age |
| 15:15 | Crear | Archer |
| 15:30 | Construir | House |
| 15:37 | Investigar | Fletching |
| 15:38 | Investigar | Fletching |
| 16:02 | Crear | Archer |
| 16:02 | Crear | Archer |
| 16:12 | Construir | Lumber Camp |
| 16:34 | Crear | Archer |
| 16:34 | Crear | Archer |
| 16:49 | Crear | Spearman |
| 17:04 | Crear | Archer |
| 17:05 | Crear | Villager (Male) |
| 17:10 | Construir | Palisade Wall |
| 17:11 | Construir | Palisade Wall |
| 17:14 | Construir | Palisade Wall |
| 17:17 | Construir | Palisade Wall |
| 17:28 | Crear | Villager (Male) |
| 17:39 | Edad | Edad de los Castillos |
| 17:45 | Crear | Spearman |
| 17:58 | Construir | Castle |
| 18:05 | Crear | Spearman |
| 18:44 | Crear | Villager (Male) |
| 18:53 | Crear | Villager (Male) |
| 18:54 | Crear | Villager (Male) |
| 18:54 | Crear | Villager (Male) |
| 18:54 | Crear | Villager (Male) |
| 19:13 | Crear | Villager (Male) |
| 19:19 | Crear | War Wagon |
| 19:20 | Crear | War Wagon |
| 19:30 | Crear | Villager (Male) |
| 19:44 | Crear | War Wagon |
| 19:47 | Crear | Villager (Male) |
| 20:17 | Investigar | Double-Bit Axe |
| 20:25 | Crear | Villager (Male) |
| 20:25 | Crear | Villager (Male) |
| 20:54 | Construir | Outpost |
| 20:55 | Crear | Villager (Male) |
| 20:59 | Crear | Archer |
| 21:00 | Crear | Archer |
| 21:01 | Crear | Villager (Male) |
| 21:02 | Crear | Spearman |
| 21:08 | Crear | Villager (Male) |
| 21:13 | Crear | Archer |
| 21:14 | Crear | Spearman |
| 21:16 | Crear | Villager (Male) |
| 21:27 | Construir | Outpost |
| 21:38 | Crear | Villager (Male) |
| 21:55 | Crear | Villager (Male) |
| 22:01 | Construir | Outpost |
| 22:03 | Crear | Villager (Male) |
| 22:07 | Crear | Villager (Male) |
| 22:11 | Construir | Town Center |
| 22:34 | Crear | Villager (Male) |
| 22:34 | Crear | Villager (Male) |
| 23:00 | Crear | Villager (Male) |
| 23:06 | Construir | Town Center |
| 23:17 | Construir | Mill |
| 23:29 | Crear | Villager (Male) |
| 23:36 | Construir | Outpost |
| 23:49 | Crear | Villager (Male) |
| 24:02 | Construir | Farm |
| 24:06 | Investigar | Horse Collar |
| 24:11 | Construir | Outpost |
| 24:20 | Crear | Villager (Male) |
| 24:20 | Crear | Villager (Male) |
| 24:27 | Crear | War Wagon |
| 24:27 | Crear | War Wagon |
| 24:28 | Crear | Villager (Male) |
| 24:29 | Crear | Villager (Male) |
| 24:36 | Construir | Farm |
| 24:48 | Crear | Villager (Male) |
| 24:55 | Construir | Outpost |
| 24:57 | Crear | Villager (Male) |
| 24:57 | Crear | Villager (Male) |
| 25:03 | Construir | Farm |
| 25:10 | Crear | Villager (Male) |
| 25:10 | Crear | Villager (Male) |
| 25:15 | Construir | Farm |
| 25:19 | Crear | Villager (Male) |
| 25:43 | Crear | War Wagon |
| 25:58 | Construir | Outpost |
| 25:59 | Crear | Villager (Male) |
Cronología de la partida
| 0:16 | randy pan · first_building Dock |
| 0:29 | 大庆Song · first_building Dock |
| 1:01 | AlohaInMyHeartForAOE2 · first_building Dock |
| 1:11 | randy pan · wall_segment Palisade Wall x1 |
| 1:14 | randy pan · wall_segment Palisade Wall x1 |
| 1:16 | pNaStY- oG. · first_building Dock |
| 1:20 | Mrdood · first_building Dock |
| 1:25 | Dadagama · first_building Dock |
| 1:33 | BlossomForce · first_building Dock |
| 2:09 | Teejay Gatsby · first_building Dock |
| 6:26 | randy pan · wall_segment Palisade Wall x1 |
| 6:32 | randy pan · wall_segment Palisade Wall x1 |
| 6:34 | randy pan · wall_segment Palisade Wall x1 |
| 6:35 | randy pan · wall_segment Palisade Wall x1 |
| 8:05 | randy pan · wall_segment Palisade Wall x1 |
| 8:10 | randy pan · wall_segment Palisade Wall x1 |
| 8:11 | randy pan · wall_segment Palisade Wall x1 |
| 8:12 | randy pan · wall_segment Palisade Wall x1 |
| 11:32 | Mrdood · wall_segment Palisade Wall x1 |
| 11:36 | Mrdood · wall_segment Palisade Wall x2 |
| 11:38 | Mrdood · wall_segment Palisade Wall x3 |
| 11:38 | Mrdood · wall_segment Palisade Wall x1 |
| 11:39 | Mrdood · wall_segment Palisade Wall x1 |
| 11:41 | Mrdood · wall_segment Palisade Wall x1 |
| 11:41 | Mrdood · wall_segment Palisade Wall x1 |
| 12:17 | Dadagama · first_building Barracks |
| 12:32 | randy pan · first_building Barracks |
| 12:35 | AlohaInMyHeartForAOE2 · age_up feudal |
| 12:59 | Mrdood · age_up feudal |
| 13:24 | Teejay Gatsby · age_up feudal |
| 13:26 | AlohaInMyHeartForAOE2 · first_market_sell 100 stone |
| 13:32 | pNaStY- oG. · age_up feudal |
| 14:09 | randy pan · age_up feudal |
| 14:15 | 大庆Song · age_up feudal |
| 14:17 | randy pan · first_building Archery Range |
| 14:19 | Mrdood · first_market_buy 100 food |
| 14:20 | Mrdood · first_market_sell 100 stone |
| 14:22 | Dadagama · age_up feudal |
| 14:23 | Dadagama · first_building Stable |
| 14:58 | Teejay Gatsby · first_building Barracks |
| 15:56 | BlossomForce · first_building Barracks |
| 16:09 | AlohaInMyHeartForAOE2 · age_up castle |
| 16:16 | AlohaInMyHeartForAOE2 · first_building Siege Workshop |
| 16:27 | Dadagama · wall_segment Stone Wall x1 |
| 16:38 | Dadagama · wall_segment Stone Wall x1 |
| 16:57 | Teejay Gatsby · age_up castle |
| 17:10 | randy pan · wall_segment Palisade Wall x1 |
| 17:11 | randy pan · wall_segment Palisade Wall x1 |
| 17:14 | randy pan · wall_segment Palisade Wall x1 |
| 17:14 | Mrdood · age_up castle |
| 17:17 | randy pan · wall_segment Palisade Wall x2 |
| 17:32 | BlossomForce · age_up feudal |
| 17:35 | BlossomForce · first_building Stable |
| 17:39 | randy pan · age_up castle |
| 17:48 | 大庆Song · age_up castle |
| 17:58 | Teejay Gatsby · first_market_sell 100 stone |
| 17:58 | randy pan · first_building Castle |
| 17:59 | Teejay Gatsby · first_market_buy 100 food |
| 18:01 | Mrdood · first_building Barracks |
| 18:07 | 大庆Song · first_building Castle |
| 18:31 | AlohaInMyHeartForAOE2 · first_building Barracks |
| 18:31 | 大庆Song · first_market_buy 100 stone |
| 18:44 | pNaStY- oG. · first_market_sell 100 food |
| 18:46 | pNaStY- oG. · first_market_buy 100 stone |
| 18:58 | pNaStY- oG. · age_up castle |
| 19:05 | pNaStY- oG. · first_building Castle |
| 19:16 | AlohaInMyHeartForAOE2 · first_building Archery Range |
| 19:24 | Teejay Gatsby · first_building Stable |
| 19:38 | Mrdood · first_building Castle |
| 20:08 | Mrdood · first_building Siege Workshop |
| 22:09 | Mrdood · first_building Monastery |
| 23:25 | AlohaInMyHeartForAOE2 · first_market_buy 100 food |
| 24:57 | BlossomForce · age_up castle |
| 25:05 | Dadagama · first_market_buy 100 stone |
| 25:28 | 大庆Song · first_building Siege Workshop |
| 26:07 | pNaStY- oG. · first_building Monastery |
| 27:12 | randy pan · wall_segment Stone Wall x1 |
| 27:14 | randy pan · wall_segment Stone Wall x1 |
| 27:37 | pNaStY- oG. · first_building Barracks |
| 28:15 | Teejay Gatsby · first_building Castle |
| 29:32 | BlossomForce · first_building Siege Workshop |
| 29:35 | Mrdood · first_building Archery Range |
| 30:11 | 大庆Song · first_building Monastery |
| 30:18 | Dadagama · age_up castle |
| 30:23 | Mrdood · first_building Stable |
| 32:14 | randy pan · first_market_buy 100 wood |
| 32:20 | randy pan · first_market_sell 500 stone |
| 32:22 | 大庆Song · first_market_sell 500 wood |
| 32:52 | Dadagama · wall_segment Stone Wall x1 |
| 33:10 | Dadagama · wall_segment Stone Wall x1 |
| 33:17 | pNaStY- oG. · first_building Stable |
| 33:35 | Dadagama · wall_segment Stone Wall x1 |
| 33:36 | BlossomForce · wall_segment Palisade Wall x1 |
| 33:38 | Dadagama · wall_segment Stone Wall x1 |
| 34:09 | randy pan · wall_segment Stone Wall x1 |
| 34:09 | randy pan · wall_segment Stone Wall x1 |
| 34:10 | randy pan · wall_segment Stone Wall x1 |
| 34:10 | randy pan · wall_segment Stone Wall x1 |
| 34:26 | Dadagama · first_building Siege Workshop |
| 34:44 | randy pan · wall_segment Stone Wall x1 |
| 34:45 | randy pan · wall_segment Stone Wall x1 |
| 34:46 | randy pan · wall_segment Stone Wall x1 |
| 34:46 | randy pan · wall_segment Stone Wall x1 |
| 35:39 | 大庆Song · age_up imperial |
| 36:05 | BlossomForce · first_building Monastery |
| 36:39 | randy pan · wall_segment Stone Wall x1 |
| 36:39 | randy pan · wall_segment Stone Wall x1 |
| 36:40 | randy pan · wall_segment Stone Wall x1 |
| 37:08 | AlohaInMyHeartForAOE2 · age_up imperial |
| 38:48 | randy pan · wall_segment Stone Wall x1 |
| 38:49 | randy pan · wall_segment Stone Wall x1 |
| 38:49 | randy pan · wall_segment Stone Wall x1 |
| 38:50 | randy pan · wall_segment Stone Wall x1 |
| 38:57 | randy pan · wall_segment Stone Wall x1 |
| 38:57 | randy pan · wall_segment Stone Wall x1 |
| 38:58 | randy pan · wall_segment Stone Wall x2 |
| 38:58 | randy pan · wall_segment Stone Wall x1 |
| 39:01 | Mrdood · age_up imperial |
| 39:19 | randy pan · wall_segment Stone Wall x1 |
| 39:19 | randy pan · wall_segment Stone Wall x1 |
| 39:20 | randy pan · wall_segment Stone Wall x1 |
| 39:20 | randy pan · wall_segment Stone Wall x1 |
| 40:27 | randy pan · wall_segment Stone Wall x1 |
| 40:27 | randy pan · wall_segment Stone Wall x1 |
| 40:29 | pNaStY- oG. · age_up imperial |
| 40:33 | AlohaInMyHeartForAOE2 · first_building Stable |
| 41:16 | Dadagama · first_building Castle |
| 42:06 | pNaStY- oG. · tribute_sent a jugador 2 |
| 42:06 | pNaStY- oG. · tribute_sent a jugador 3 |
| 42:06 | pNaStY- oG. · tribute_sent a jugador 4 |
| 42:06 | pNaStY- oG. · tribute_sent a jugador 5 |
| 42:06 | pNaStY- oG. · tribute_sent a jugador 6 |
| 42:06 | pNaStY- oG. · tribute_sent a jugador 7 |
| 42:06 | pNaStY- oG. · tribute_sent a jugador 8 |
| 42:29 | randy pan · first_building Siege Workshop |
| 42:35 | Dadagama · wall_segment Stone Wall x1 |
| 42:41 | Dadagama · wall_segment Stone Wall x1 |
| 42:44 | Dadagama · wall_segment Stone Wall x1 |
| 43:08 | randy pan · age_up imperial |
| 44:31 | Teejay Gatsby · age_up imperial |
| 46:10 | pNaStY- oG. · resign |
[ ANÁLISIS IA · 1 CRÉDITO ]
¿Qué pasó realmente en esta partida?
Wolo.gg analiza cada decisión: build order, eco, micro, errores típicos por bracket. Análisis personalizado por WhatsApp o Discord en 30 segundos.
Guía civ
Bengalíes
Perfil
Jugador #11526726